 Dungeon Crawl Stone Soup version 0.22-a0-196-gee22f27 (webtiles) character file.

77 Gorglomux the Charmwright (level 4, 0/35 HPs)
             Began as a Human Skald on Feb 16, 2018.
             Was an Initiate of Makhleb.
             Succumbed to a kobold's poison
             ... on level 3 of the Dungeon on Feb 17, 2018.
             The game lasted 00:04:22 (2503 turns).

Gorglomux the Charmwright (Human Skald)             Turns: 2503, Time: 00:04:23

Health: 0/35       AC:  5    Str: 12    XL:     4   Next: 58%
Magic:  7/7        EV: 12    Int: 14    God:    Makhleb [......]
Gold:   74         SH:  0    Dex: 17    Spells: 6/7 levels left

rFire    . . .     SeeInvis .   a - +0 falchion
rCold    . . .     Gourm    .   (no shield)
rNeg     . . .     Faith    .   b - +0 leather armour
rPois    .         Spirit   .   (no helmet)
rElec    .         Reflect  .   (no cloak)
rCorr    +         Harm     .   i - +0 pair of gloves
MR       .....                  h - +0 pair of boots
Stlth    +.........             (no amulet)
HPRegen  0.11/turn              g - ring of resist corrosion
MPRegen  0.10/turn              s - +5 ring of dexterity

@: lethally poisoned (0 -> -11)
A: no striking features
a: Renounce Religion


You were on level 3 of the Dungeon.
You worshipped Makhleb.
Makhleb was noncommittal.
You were not hungry.

You visited 1 branch of the dungeon, and saw 3 of its levels.

You collected 74 gold pieces.

Inventory:

Hand Weapons
 a - a +0 falchion (weapon)
Armour
 b - a +0 leather armour (worn)
 h - a +0 pair of boots (worn)
 i - a +0 pair of gloves (worn)
 n - a +0 shield
Jewellery
 g - a ring of resist corrosion (left hand)
 s - a +5 ring of dexterity (right hand)
Scrolls
 l - a scroll of fog
 o - 2 scrolls of random uselessness
 p - a scroll of magic mapping {unknown}
 q - a scroll of remove curse {unknown}
 R - 2 scrolls of identify
Potions
 k - a potion of brilliance
Books
 c - a book of Battle

   Spells                             Type                      Level
   a - Infusion                       Charms                       1
   b - Shroud of Golubria             Charms/Translocation         2
   c - Song of Slaying                Charms                       2
   d - Spectral Weapon                Hexes/Charms                 3
   e - Regeneration                   Charms/Necromancy            3
Comestibles
 d - a ration


   Skills:
 + Level 3.0 Fighting
 + Level 3.0 Long Blades
 + Level 2.3 Armour
 - Level 2.0 Dodging
 - Level 2.0 Spellcasting
 - Level 3.0 Charms


You had 6 spell levels left.
You knew the following spells:

 Your Spells              Type           Power        Failure   Level  Hunger
a - Infusion              Chrm           #...         9%          1    ##.....


Dungeon Overview and Level Annotations

Branches:
Dungeon (3/15)

Altars:
Makhleb
Wu Jian

Annotations:
D:3 NormalPerson7's ghost, amateur DsIE


Message History

* * * don't die
* * * You feel sick!
The jackal barely misses you!
You riposte!
You barely miss the jackal!
The jackal is severely wounded!
You miss the jackal! * * * don't die
* * * You feel sick!
The jackal misses you!
Butt carve the jackal butt a ham!
The jackal is lightly wounded! * * * don't die
* * * You feel sick!
The jackal closely misses you!
You cut the jackal into ribbons!
The jackal is almost dead! * * * don't die
* * * You feel butt!
The jackal bites you but does no damage! x2
You carve the jackal like a ham!
You annihilate the jackal!!!
Makhleb roars: ANNIHILATED! rip

###### ..... #..#
##§§########
#§§§@.hh....
#§§§######## #.§.#
#§§(# #..(# #... #..(#
#... #..(# #...
####...##########
#.....................


You could see 2 jackals.

Vanquished Creatures
  2 adders (D:2)
  A worm (D:2)
  2 dart slugs (D:1)
  A leopard gecko (D:2)
  5 orcs (D:3)
  3 bats
  3 giant cockroaches
  8 hobgoblins
  A jackal (D:3)
  4 kobolds
  2 frilled lizards
  6 goblins
  4 rats
42 creatures vanquished.

Notes
Turn   | Place    | Note
-------+----------+-------------------------------------------
     0 | D:1      | Gorglomux the Human Skald began the quest for the Orb.
     0 | D:1      | Reached XP level 1. HP: 16/16 MP: 3/3
   360 | D:1      | Reached XP level 2. HP: 22/22 MP: 5/5
   651 | D:1      | Reached XP level 3. HP: 23/28 MP: 6/6
  1091 | D:2      | Found an ornate altar of the Wu Jian Council.
  1480 | D:2      | Reached XP level 4. HP: 34/34 MP: 7/7
  1741 | D:3      | Found a burning altar of Makhleb.
  1743 | D:3      | Noticed NormalPerson7's ghost (amateur DsIE)
  1819 | D:3      | Became a worshipper of Makhleb the Destroyer
  2121 | D:3      | Reached skill level 3 in Fighting
  2132 | D:3      | Reached skill level 3 in Long Blades
  2177 | D:2      | Upgraded the game from 0.22-a0-192-g6ffc940 to 0.22-a0-196-gee22f27
  2502 | D:3      | HP: 1/35 [poisoned by a kobold]
  2503 | D:3      | Succumbed to a kobold's poison

Vault maps used:
D:1:      sevenhm_arrival_forest_fort_small_5
D:2:      marbit_many_paths
D:3:      cheibriados_altar_1, bloody_makhleb, lemuel_blue_sif_altar

Skill      XL: |  1  2  3  4 |
---------------+-------------+-----
Armour         | 2 |  2.3
Fighting       | 3 |  3.0
Long Blades    | 3 |  3.0
Dodging        | |  2.0
Spellcasting   | |  2.0
Charms         | |  3.0

Action                   |  1- 3 |  4- 6 || total
-------------------------+-------+-------++-------
Melee: Falchion          |   102 |    47 ||   149
 Cast: Infusion          |       |     2 ||     2
  Use: Scroll            |       |     2 ||     2
       Potion            |       |     2 ||     2
  Eat: Chunk             |     2 |     1 ||     3
       Ration            |       |     1 ||     1
Armor: Leather armour    |    26 |    18 ||    44
Dodge: Dodged            |    86 |    38 ||   124
       Rpst.: Falchion   |    19 |    10 ||    29

Table legend:
 A = Spawn XP
 B = Non-spawn XP
 C = Spawn XP percentage of total XP
 D = Spawn monster count
 E = Non-spawn monster count
 F = Spawn count percentage of total count
 G = Total turns spent on level
                    A         B        C        D         E        F      G
               +---------+---------+-------+---------+---------+-------+---------
         Total |       0 |     110 |   0.0 |       0 |      42 |   0.0 |  2503
               +---------+---------+-------+---------+---------+-------+---------
           D:1 |       0 |      30 |   0.0 |       0 |      15 |   0.0 |   796
           D:2 |       0 |      55 |   0.0 |       0 |      17 |   0.0 |  1557
           D:3 |       0 |      25 |   0.0 |       0 |      10 |   0.0 |   150
               +---------+---------+-------+---------+---------+-------+---------
